 Dungeon Crawl Stone Soup version 0.28-a0-1130-gc51a68064b (webtiles) character file.

Game seed: 17144240127828982508

1946516 blank1 the Conqueror (level 27, 143/245 HPs)
             Began as a Minotaur Fighter on Dec 12, 2021.
             Was the Champion of the Shining One.
             Escaped with the Orb
             ... and 4 runes on Dec 13, 2021!
             The game lasted 04:36:36 (101766 turns).

blank1 the Conqueror (Minotaur Fighter)           Turns: 101766, Time: 04:36:37

Health: 143/245    AC: 53    Str: 32    XL:     27
Magic:  22/34      EV: 26    Int:  9    God:    the Shining One [******]
Gold:   8473       SH: 36    Dex: 25    Spells: 36/36 levels left

rFire   + + .      SeeInvis .   J - +9 double sword (holy)
rCold   + + +      Faith    .   S - +1 tower shield of Fortification {rC+ Int+6}
rNeg    + + +      Spirit   +   j - +9 gold dragon scales
rPois   +          Reflect  .   N - +2 hat {Will+}
rElec   +          Harm     .   a - +1 cloak "Ugygucs" {Str+2 Dex+2 Slay+2 Stlth+}
rCorr   .          Rampage  +   F - +2 pair of gloves {hurl}
Will    +++..                   P - +2 pair of boots {rampage}
Stlth   ..........              q - brooch of Shielding {Spirit SH+8}
HPRegen 0.50/turn               r - ring of Midnight {rF+ rN+ Dex+4}
MPRegen 0.24/turn               p - ring "Lazaenen" {rElec rN++ AC+4 Int-2 Dex+4}

@: glowing
A: horns 2, retaliatory headbutt, cold resistance 1, frail 1
0: Orb of Zot
}: 4/15 runes: serpentine, barnacled, slimy, silver
a: Renounce Religion, Divine Shield, Cleansing Flame, Summon Divine Warrior,
Brand Weapon With Holy Wrath


You escaped.
You worshipped the Shining One.
The Shining One was exalted by your worship.
You visited 13 branches of the dungeon, and saw 58 of its levels.
You visited 1 bazaar.
You also visited: Bailey and Desolation.

You collected 11619 gold pieces.
You spent 3146 gold pieces at shops.

Inventory:

Hand Weapons
 y - the +7 scimitar "Pite" {flame, rF- rC++ Str+4 Dex+3}
   (Okawaru gifted it to you on level 4 of the Snake Pit)

   It burns those it strikes, dealing additional fire damage.
   Big, fiery blades are also staple armaments of hydra-hunters.
   Str:       It affects your strength (+4).
   Dex:       It affects your dexterity (+3).
   rF:        It makes you vulnerable to fire.
   rC:        It greatly protects you from cold.
 J - a +9 double sword of holy wrath (weapon)
Armour
 a - the +1 cloak "Ugygucs" (worn) {Str+2 Dex+2 Slay+2 Stlth+}
   (You bought it in a shop on level 4 of the Depths)

   Str:       It affects your strength (+2).
   Dex:       It affects your dexterity (+2).
   Slay:      It affects your accuracy & damage with ranged weapons and melee
   (+2).
   Stlth:     It makes you more stealthy.
 j - +9 gold dragon scales (worn)
 B - a scarf of resistance
 F - a +2 pair of gloves of hurling (worn)
 N - a +2 hat of willpower (worn)
 P - a +2 pair of boots of rampaging (worn)
 S - the +1 tower shield of Fortification (worn) {rC+ Int+6}
   (Okawaru gifted it to you on level 3 of the Depths)

   Int:       It affects your intelligence (+6).
   rC:        It protects you from cold.
 T - a +0 pair of boots of flying
 U - the +2 pair of gloves "Hongiurr" {-Tele rPois rC+++ rCorr}
   (You found it on level 5 of the Vaults)

   rC:        It renders you almost immune to cold.
   rPois:     It protects you from poison.
   -Tele:     It prevents most forms of teleportation.
   rCorr:     It protects you from acid and corrosion.
Jewellery
 c - the ring of Moodiness {rElec EV+4 Int+4}
   (You found it on level 5 of the Pits of Slime)

   [ring of evasion]

   EV:        It affects your evasion (+4).
   Int:       It affects your intelligence (+4).
   rElec:     It insulates you from electricity.
 p - the ring "Lazaenen" (right hand) {rElec rN++ AC+4 Int-2 Dex+4}
   (You found it in the Desolation of Salt)

   [ring of protection]

   AC:        It affects your AC (+4).
   Int:       It affects your intelligence (-2).
   Dex:       It affects your dexterity (+4).
   rElec:     It insulates you from electricity.
   rN:        It greatly protects you from negative energy.
 q - the brooch of Shielding (around neck) {Spirit SH+8}
   (You found it on level 3 of the Elven Halls)

   [amulet of guardian spirit]

   It causes incoming damage to be divided between your reserves of health and
   magic.
   SH:        It affects your SH (+8).
 r - the ring of Midnight (left hand) {rF+ rN+ Dex+4}
   (You found it in the Desolation of Salt)

   [ring of protection from fire]

   Dex:       It affects your dexterity (+4).
   rF:        It protects you from fire.
   rN:        It protects you from negative energy.
 O - the ring of Xelepoup {rC+ rN+ Str-2 Int+6 Dex+3}
   (You found it on level 3 of the Crypt)

   [ring of positive energy]

   Str:       It affects your strength (-2).
   Int:       It affects your intelligence (+6).
   Dex:       It affects your dexterity (+3).
   rC:        It protects you from cold.
   rN:        It protects you from negative energy.
 W - the ring "Naloushe" {rC++ Str+2 Dex+6 Stlth+}
   (You bought it in a shop on level 2 of the Orcish Mines)

   [ring of dexterity]

   Str:       It affects your strength (+2).
   Dex:       It affects your dexterity (+6).
   rC:        It greatly protects you from cold.
   Stlth:     It makes you more stealthy.
 X - a ring of resist corrosion
 Z - the ring "Palum" {rC+ rN+ EV+4 Str+4}
   (You acquired it on level 4 of the Shoals)

   [ring of evasion]

   EV:        It affects your evasion (+4).
   Str:       It affects your strength (+4).
   rC:        It protects you from cold.
   rN:        It protects you from negative energy.
Wands
 z - a wand of acid (25)
 A - a wand of digging (31)
 C - a wand of mindburst (23)
Scrolls
 d - a scroll of magic mapping
 f - 4 scrolls of silence
 h - 34 scrolls of teleportation
 k - 16 scrolls of fog
 l - 6 scrolls of fear
 m - 2 scrolls of enchant weapon
 u - 6 scrolls of brand weapon
 v - 4 scrolls of holy word
 G - 9 scrolls of amnesia
 I - 5 scrolls of blinking
Potions
 b - 2 potions of berserk rage
 e - a potion of mutation
 g - a potion of resistance
 i - 6 potions of haste
 n - 9 potions of brilliance
 s - 11 potions of flight
 t - 3 potions of cancellation
 w - 10 potions of curing
 x - 12 potions of heal wounds
 E - 6 potions of ambrosia
 H - 10 potions of magic
 L - a potion of might


   Skills:
 O Level 27 Fighting
 + Level 20.2(21.9) Short Blades
 - Level 16.0(20.8) Long Blades
 - Level 4.0 Maces & Flails
 O Level 27 Armour
 - Level 25.0 Dodging
 - Level 25.0 Shields
 - Level 5.0 Spellcasting
 - Level 16.0 Invocations


You had 36 spell levels left.
You didn't know any spells.
Your spell library contained the following spells:

 Spells                   Type           Power      Damage    Failure   Level
 Animate Skeleton         Necr           4%         N/A       75%         1
 Apportation              Tloc           4%         N/A       75%         1
 Foxfire                  Conj/Fire      8%         2x1d4     75%         1
 Freeze                   Ice            8%         1d3       75%         1
 Pain                     Necr           8%         1d4       75%         1
 Sandblast                Erth           4%         2d4       75%         1
 Shock                    Conj/Air       8%         1d3       75%         1
 Slow                     Hex            8%         N/A       75%         1
 Sting                    Tmut/Pois      8%         1d3       75%         1
 Summon Small Mammal      Summ           8%         N/A       75%         1
 Corpse Rot               Necr/Air       4%         N/A       86%         2
 Passwall                 Tmut/Erth      1%         N/A       86%         2
 Poisonous Vapours        Pois/Air       4%         N/A       86%         2
 Scorch                   Fire           4%         2d5       86%         2
 Searing Ray              Conj           4%         2d4       86%         2
 Static Discharge         Conj/Air       2%         N/A       86%         2
 Sublimation of Blood     Necr           2%         N/A       86%         2
 Wereblood                Tmut           2%         N/A       86%         2
 Call Canine Familiar     Summ           2%         N/A       98%         3
 Confusing Touch          Hex            2%         N/A       98%         3
 Conjure Flame            Conj/Fire      2%         6-21      98%         3
 Dazzling Flash           Conj/Hex       4%         N/A       98%         3
 Frozen Ramparts          Ice            4%         1d2       98%         3
 Gell's Gravitas          Tloc           2%         N/A       98%         3
 Ignite Poison            Fire/Tmut/Pois 2%         N/A       98%         3
 Inner Flame              Hex/Fire       2%         N/A       98%         3
 Lesser Beckoning         Tloc           2%         N/A       98%         3
 Mephitic Cloud           Conj/Pois/Air  2%         N/A       98%         3
 Ozocubu's Armour         Ice            2%         N/A       98%         3
 Portal Projectile        Hex/Tloc       4%         N/A       98%         3
 Stone Arrow              Conj/Erth      4%         3d7       98%         3
 Summon Guardian Golem    Hex/Summ       2%         N/A       98%         3
 Swiftness                Air            2%         N/A       98%         3
 Teleport Other           Tloc           2%         N/A       98%         3
 Vampiric Draining        Necr           2%         2d6       98%         3
 Airstrike                Air            1%         N/A       100%        4
 Cause Fear               Hex            1%         N/A       100%        4
 Dispel Undead            Necr           2%         3d7       100%        4
 Flame Wave               Conj/Fire      2%         2d4       100%        4
 Fulminant Prism          Conj/Hex       1%         3d6       100%        4
 Hailstorm                Conj/Ice       2%         3d3       100%        4
 Ice Form                 Ice/Tmut       2%         N/A       100%        4
 Iskenderun's Mystic Bla  Conj/Tloc      2%         2d3       100%        4
 Leda's Liquefaction      Hex/Erth       1%         N/A       100%        4
 Olgreb's Toxic Radiance  Pois           2%         N/A       100%        4
 Passage of Golubria      Tloc           2%         N/A       100%        4
 Petrify                  Tmut/Erth      2%         N/A       100%        4
 Sticky Flame             Conj/Fire      2%         2d3       100%        4
 Summon Lightning Spire   Summ/Air       2%         N/A       100%        4
 Agony                    Necr           2%         N/A       100%        5
 Alistair's Intoxication  Tmut/Pois      1%         N/A       100%        5
 Borgnjor's Vile Clutch   Necr/Erth      1%         N/A       100%        5
 Excruciating Wounds      Necr           1%         N/A       100%        5
 Fireball                 Conj/Fire      1%         3d3       100%        5
 Freezing Cloud           Conj/Ice/Air   1%         6-21      100%        5
 Lee's Rapid Deconstruct  Erth           1%         3d5*      100%        5
 Lightning Bolt           Conj/Air       1%         1d12      100%        5
 Metabolic Englaciation   Hex/Ice        1%         N/A       100%        5
 Silence                  Hex/Air        1%         N/A       100%        5
 Conjure Ball Lightning   Conj/Air       1%         3x3d6     100%        6
 Death Channel            Necr           1%         N/A       100%        6
 Iron Shot                Conj/Erth      1%         9d1       100%        6
 Simulacrum               Ice/Necr       1%         N/A       100%        6
 Starburst                Conj/Fire      1%         6d3       100%        6
 Statue Form              Tmut/Erth      1%         N/A       100%        6
 Dragon Form              Tmut           1%         N/A       100%        7
 Ozocubu's Refrigeration  Ice            1%         4d5       100%        7
 Summon Hydra             Summ           1%         N/A       100%        7
 Borgnjor's Revivificati  Necr           1%         N/A       100%        8
 Discord                  Hex            1%         N/A       100%        8
 Ignition                 Fire           1%         3d3       100%        8
 Lehudib's Crystal Spear  Conj/Erth      1%         10d2      100%        8
 Maxwell's Capacitive Co  Air            1%         ∞         100%        8
 Necromutation            Tmut/Necr      1%         N/A       100%        8
 Chain Lightning          Conj/Air       1%         3d1       100%        9
 Death's Door             Necr           1%         N/A       100%        9
 Dragon's Call            Summ           1%         N/A       100%        9
 Polar Vortex             Ice            1%         N/A       100%        9


Dungeon Overview and Level Annotations

Branches:
Dungeon (15/15)            Temple (1/1) D:4            Lair (6/6) D:8
 Shoals (4/4) Lair:4        Snake (4/4) Lair:2        Slime (5/5) Lair:6
    Orc (2/2) D:9             Elf (3/3) Orc:2        Vaults (5/5) D:13
  Crypt (3/3) Vaults:3       Tomb (0/3) Crypt:3      Depths (4/4) D:15
   Hell (visited)             Dis (0/7) Hell            Geh (0/7) Hell
    Coc (0/7) Hell            Tar (0/7) Hell            Zot (5/5) Depths:4
 Bailey (visited)         Desolation (visited)

Altars:
Fedhas
Gozag
Hepliaklqana
Kikubaaqudgha
Makhleb
Okawaru
Qazlal
Ru
Trog
Uskayaw
Vehumet
Wu Jian
Xom
Yredelemnul
Zin
The Shining One
Jiyva
Lugonu

Shops:
D:6 *   D:7 :   Orc:2 (=!([   Elf:1 !   Snake:2 **   Snake:4 [   Vaults:5 *
Depths:2 !   Depths:4 ([

Portals:
Hell: Depths:1 Depths:2 Depths:3 Depths:4
Abyss: Depths:2 Depths:3
Pandemonium: Depths:2
Ziggurat: Depths:4

Annotations:
Vaults:4 2 transporters, exclusion: obsidian statue
Zot:3 3 runed translucent doors, Foism's ghost, legendary DjEE


Innate Abilities, Weirdness & Mutations

You have a pair of horns on your head.
You reflexively headbutt those who attack you in melee.
Your flesh is cold resistant. (rC+)
You are frail. (-10% HP)


Message History

a +0 helmet; a +0 animal skin; a +0 short sword
Items here: ( ))))).
There is a stone staircase leading up, spattered with blood here.
You climb upwards.
There is a stone staircase leading down here.
There is an open door here.
You open the door.
A Brimstone Fiend comes into view.
There is an open door here.
You block the Brimstone Fiend's attack. x2
The Brimstone Fiend completely misses you.
You hit the Brimstone Fiend.
The Brimstone Fiend convulses.
The Brimstone Fiend is lightly wounded.
The Brimstone Fiend misses you. You furiously retaliate!
You headbutt the Brimstone Fiend. You block the Brimstone Fiend's attack.
The Brimstone Fiend completely misses you.
You slice the Brimstone Fiend!!
The Brimstone Fiend convulses!!
Your headbutt misses the Brimstone Fiend.
The Brimstone Fiend is heavily wounded.
The Brimstone Fiend calls on the powers of darkness!
Your body is wracked with pain!
You slice the Brimstone Fiend!!
The Brimstone Fiend convulses.
The Brimstone Fiend is severely wounded.
The Brimstone Fiend calls on the powers of darkness!
Your body is wracked with pain!
You are too injured to fight recklessly!
You are too injured to fight recklessly!
You are too injured to fight recklessly!
You are too injured to fight recklessly!
You are too injured to fight recklessly!
You are too injured to fight recklessly!
You are too injured to fight recklessly!
You are too injured to fight recklessly!
You slice the Brimstone Fiend!!
You kill the Brimstone Fiend!
The Shining One accepts your kill.
You feel better.
You feel your power returning.
There is an open door here.
There is a staircase leading out of the dungeon here.
You have escaped!

#.......###..##.###.#####........
#.#.....#...###.....#...#.......#
#.#....##.#####.#####.#.##.......
......'##.####..#.....#..#'......
......#.#....#.##.######..#......
.....##.####.#..#.##...#####.....
.....##....#.##+#'##.#.#...#.....
.....###.#.#.##...##.#.#.#.#.....
.....+.#.#.#..'.@.'..#.#.#.'.....
.....#.#.#.#.##...####.#.###.....
.....#...#.#.##'#'## #...# #.....
.....#####...##.#..#########.##.#
......#..######.##........#..##.#
#.#...'#..#[....#..####.##'..##.#
#.#....##.#.#####.#####.##.......
#.#.....#...#.....###...#........
........#####.###.##..###......#.


There were no monsters in sight!

Vanquished Creatures
  the Royal Jelly (Slime:5)
  3 dread liches
  2 ancient liches (Zot:5)
  Mara (Elf:3)
  An orb of fire (Zot:5)
  The ghost of Akugygoc the Axe Maniac, a legendary MiFi of Okawaru (Zot:1)
  The ghost of Jofris Vesimp the Sniper, a legendary GnFE of Sif Muna (Zot:2)
  A royal mummy (Crypt:3)
  Bai Suzhen (Snake:3)
  A pandemonium lord (D:5)
  Geryon (Hell)
  Vashnia (Snake:4)
  A curse toe (Zot:4)
  2 Killer Klowns
  9 golden dragons
  the Enchantress (Depths:2)
  4 Brimstone Fiends
  A Tzitzimitl (D:6)
  3 electric golems
  18 tentacled monstrosities
  25 Orb Guardians
  Jorgrun (D:13)
  A walking earthen tome (Depths:3)
  Asterion (Snake:3)
  18 titans
  4 liches
  The ghost of Hubris850 the Impregnable, an adept MiFi of Gozag (Vaults:1)
  7 deep elf blademasters
  12 acid blobs
  9 deep elf master archers
  9 quicksilver dragons
  3 ancient champions
  A kraken (Shoals:3)
  11 death cobs
  Polyphemus (Shoals:4)
  3 tentacled starspawn (Depths:2)
  6 sphinxes
  2 nagarajas (Snake:4)
  9 tengu reavers
  Kirke (Shoals:3)
  19 storm dragons
  2 revenants
  9 draconian monks
  Roxanne (Shoals:3)
  11 shadow dragons
  4 draconian knights
  6 rockslimes
  13 azure jellies
  2 demonspawn warmongers
  2 ghost moths
  9 draconian scorchers
  13 deep elf sorcerers
  20 frost giants
  18 vault wardens
  17 fire giants
  6 iron dragons
  3 imperial myrmidons (Desolation)
  3 orc warlords
  11 draconian stormcallers
  A caustic shrike zombie (Hell)
  5 ghouls
  5 curse skulls
  4 reapers
  3 deep elf elementalists (Elf:3)
  5 draconian shifters
  7 draconian annihilators
  7 quicksilver oozes
  A caustic shrike skeleton (Hell)
  A demonspawn corrupter (D:15)
  29 very ugly things
  12 ironbound preservers
  5 war gargoyles
  6 spriggan defenders
  13 green draconians
  9 vampire knights
  Nessos (D:13)
  35 stone giants
  A deep elf demonologist (Elf:3)
  8 dire elephants
  A stone giant (shapeshifter) (Depths:2)
  6 spark wasps (Depths:4)
  12 black draconians
  18 red draconians
  12 deep elf annihilators
  16 yellow draconians
  16 purple draconians
  A lorocyproca (D:11)
  8 white draconians
  9 ettins
  5 deep elf death magi
  An eidolon (Crypt:2)
  2 iron golems (Depths:1)
  4 merfolk javelineers
  11 fire dragons
  3 crystal guardians
  A green death (D:5)
  7 merfolk impalers (Shoals:4)
  3 blizzard demons
  5 mummy priests (Crypt:3)
  3 deep elf high priests (Elf:3)
  20 jiangshi
  13 great orbs of eyes
  15 naga warriors
  8 ironbound thunderhulks
  5 rakshasas
  5 ragged hierophants (Desolation)
  12 yaktaur captains
  10 peacekeepers
  6 servants of whispers (Desolation)
  2 kraken zombies (Hell)
  3 hell beasts
  5 spriggan air magi
  4 boulder beetles
  An elf skeleton (Hell)
  11 hydras
  7 ice dragons
  3 merfolk avatars
  26 vault guards
  2 salamander tyrants (Snake:4)
  2 catoblepae
  An anaconda (shapeshifter) (Vaults:4)
  8 ironbound frosthearts
  11 anacondas
  15 centaur warriors
  7 death yaks
  3 titan zombies (Hell)
  2 death knights
  10 two-headed ogres
  24 dancing weapons
  2 tengu warriors
  3 deep troll shamans
  9 merfolk aquamancers
  10 vampire magi
  A sun demon (Hell)
  5 orc high priests (Orc:2)
  6 deep troll earth magi
  11 soul eaters
  5 thrashing horrors (Depths:2)
  11 hell hogs
  7 naga sharpshooters
  5 spriggan berserkers
  25 hell knights
  6 shock serpents
  33 deep elf knights
  10 spriggans
  2 storm dragon zombies (Hell)
  12 iron trolls
  A wretched star (Depths:2)
  A sixfirhy (D:5)
  14 sea snakes
  A storm dragon skeleton (Crypt:1)
  2 bunyip zombies (Hell)
  18 skeletal warriors
  4 salamander mystics
  51 deep trolls
  2 glowing orange brains
  A shadow demon (D:15)
  3 flayed ghosts
  A spark wasp zombie (Hell)
  2 anaconda zombies (Hell)
  A swamp dragon (Zot:2)
  12 phantasmal warriors
  8 lindwurms (Vaults:1)
  An obsidian statue (Zot:1)
  2 shadow dragon zombies
  An iron giant skeleton (Crypt:1)
  6 naga ritualists
  6 wizards
  19 orc knights
  18 ironbound convokers
  6 bog bodies
  A quicksilver dragon simulacrum (Depths:1)
  A sphinx zombie (Crypt:2)
  19 deep elf archers
  12 harpies
  35 deep elf pyromancers
  41 deep elf zephyrmancers
  2 tengu skeletons (Vaults:3)
  A fire giant zombie (Hell)
  An oklob plant (Lair:4)
  A wolf spider (D:15)
  8 fauns
  35 ugly things
  17 necromancers
  3 orc sorcerers
  4 mana vipers
  A frost giant zombie (Hell)
  4 shining eyes (shapeshifter)
  4 shining eyes
  2 stone giant zombies
  18 cyclopes
  15 manticores
  15 salamanders
  22 moths of wrath
  A moth of wrath (shapeshifter) (Depths:4)
  2 large abominations (Depths:2)
  An elephant (shapeshifter) (Depths:4)
  A dire elephant zombie (Hell)
  7 merfolk sirens
  25 elephants
  8 rust devils
  Joseph (D:8)
  An eye of devastation (Slime:5)
  2 stone giant skeletons
  A human skeleton (Vaults:3)
  28 black mambas
  8 guardian serpents
  17 naga magi
  2 ice statues (Hell)
  An orange demon (D:14)
  A smoke demon (Zot:2)
  11 water nymphs
  A torpor snail (Lair:5)
  23 vault sentinels
  An apocalypse crab (Depths:2)
  A storm dragon simulacrum (Vaults:3)
  4 unseen horrors
  A minotaur zombie (Hell)
  A kobold demonologist (D:11)
  11 cane toads
  A rime drake (shapeshifter) (Elf:1)
  3 gargoyles
  36 yaktaurs
  2 rime drakes (Lair:1)
  12 komodo dragons
  A death yak zombie (Crypt:1)
  A sea snake zombie (Hell)
  A tormentor (Zot:1)
  10 freezing wraiths
  A demonic crawler (Zot:1)
  28 guardian mummies
  An iron troll zombie (Crypt:1)
  A yaktaur zombie (Vaults:3)
  A hellwing (D:12)
  A black draconian skeleton (Crypt:3)
  2 hydra zombies
  2 ice devils
  A polar bear (shapeshifter) (Elf:1)
  A sea snake skeleton (Hell)
  An iron giant simulacrum (Hell)
  5 trolls
  A white draconian skeleton (Crypt:2)
  A yaktaur skeleton (Vaults:3)
  A polar bear (Lair:6)
  A queen bee (Lair:1)
  10 wind drakes
  21 merfolk
  6 meliai (D:15)
  A queen bee (shapeshifter) (Depths:2)
  An alligator zombie (Hell)
  A hornet (shapeshifter) (Vaults:5)
  6 hornets
  50 saltlings
  2 ettin zombies
  73 slime creatures
  A spriggan zombie (Hell)
  8 dream sheep
  21 blink frogs
  12 snapping turtles
  A dream sheep (shapeshifter) (Elf:1)
  Sigmund (D:6)
  2 centaur simulacra
  12 flying skulls
  3 shadows
  36 water elementals
  3 wyverns
  A redback (shapeshifter) (Depths:3)
  3 humans (Shoals:3)
  An ice dragon skeleton (Crypt:2)
  5 wraiths
  A vampire (D:13)
  11 air elementals
  A fire dragon skeleton (Hell)
  A tyrant leech zombie (Crypt:1)
  7 ushabtiu (Crypt:3)
  15 golden eyes
  2 black mamba skeletons
  70 yaks
  2 golden eyes (shapeshifter)
  6 basilisks
  A human simulacrum (Vaults:3)
  6 vampire mosquitoes
  A swamp worm (shapeshifter) (D:15)
  A glowing shapeshifter zombie (Crypt:1)
  27 nagas
  A two-headed ogre zombie (Crypt:1)
  2 acid dragons
  An orb spider zombie (Crypt:3)
  2 harpy simulacra
  An ogre skeleton (Vaults:3)
  6 water moccasins
  3 wargs
  Edmund (D:5)
  A hydra simulacrum (Hell)
  A demonspawn skeleton (Crypt:1)
  3 hell hounds
  2 alligator simulacra (Hell)
  A sky beast (D:6)
  53 orc warriors
  6 black bears
  An ice beast (D:4)
  7 ogres
  4 necrophages
  13 wolves
  2 blink frog skeletons
  11 centaurs
  3 phantoms
  A kobold brigand (D:11)
  3 gnoll sergeants
  16 bullfrogs
  A two-headed ogre simulacrum (Crypt:1)
  3 scorpions
  A water moccasin skeleton (D:5)
  A troll zombie (D:9)
  26 killer bees
  A warg skeleton (Crypt:1)
  9 wights
  9 howler monkeys
  A wolf skeleton (Crypt:2)
  7 centaur zombies
  9 starcursed masses (Depths:2)
  A bullfrog zombie (D:6)
  A human zombie (D:8)
  A basilisk zombie (Crypt:2)
  4 jellies
  5 centaur skeletons
  2 gnoll shamans
  32 orc priests
  4 hounds
  2 bullfrog skeletons
  4 iguanas
  A scorpion zombie (D:5)
  Natasha (thrice) (D:2)
  19 orc wizards
  6 hell rats
  4 killer bee zombies
  5 ogre zombies (D:9)
  A felid zombie (Crypt:3)
  A dwarf skeleton (Crypt:2)
  2 hound skeletons
  3 howler monkey zombies
  12 mummies
  Robin (D:2)
  A howler monkey skeleton (Crypt:3)
  30 gnolls
  4 adders
  2 white imps
  An ufetubus (D:7)
  An adder skeleton (Crypt:3)
  4 worms
  92 orcs
  7 bats
  6 endoplasms
  14 giant cockroaches
  26 hobgoblins
  15 jackals
  A quokka (D:4)
  3 ball pythons
  5 frilled lizards
  30 goblins
  3 goblin zombies (D:9)
  3 hobgoblin skeletons (D:9)
  3 hobgoblin zombies (D:9)
  A jackal zombie (Crypt:2)
  9 kobolds
  A kobold zombie (Crypt:1)
  An orc skeleton (D:9)
  9 orc zombies (D:9)
  5 rats
  A rat skeleton (Crypt:1)
  A river rat zombie (Crypt:3)
  A fire vortex (Hell)
  4 plants (Shoals:4)
  A starspawn tentacle (Depths:2)
  7 tentacles
2826 creatures vanquished.

Vanquished Creatures (collateral kills)
  2 ancient liches (Zot:5)
  A golden dragon (Zot:5)
  A quicksilver dragon (Zot:5)
  A moth of wrath (Zot:5)
5 creatures vanquished.

Vanquished Creatures (others)
  A titan (Hell)
  A deep elf blademaster (Crypt:2)
  A ghost moth (Zot:3)
  A draconian knight (Zot:5)
  A frost giant (Crypt:2)
  2 deep elf knights
  A guardian mummy (Crypt:3)
  3 ball lightnings (Zot:2)
  A bush (Lair:4)
  42 fungi
  189 plants
  5 starspawn tentacles (Depths:2)
  9 tentacles
  25 withered plants (Crypt:3)
282 creatures vanquished.

Grand Total: 3113 creatures vanquished

Notes
Turn   | Place    | Note
-------+----------+-------------------------------------------
     0 | D:1      | blank1 the Minotaur Fighter began the quest for the Orb.
     0 | D:1      | Reached XP level 1. HP: 19/19 MP: 0/0
   127 | D:1      | Reached XP level 2. HP: 21/27 MP: 1/1
   464 | D:1      | Found a faded altar of an unknown god.
   801 | D:2      | Reached XP level 3. HP: 24/33 MP: 2/2
   967 | D:2      | Noticed Natasha
   977 | D:2      | Killed Natasha
  1145 | D:2      | Noticed Natasha
  1153 | D:2      | Killed Natasha
  1154 | D:2      | Reached XP level 4. HP: 20/40 MP: 3/3
  1405 | D:2      | Reached skill level 5 in Long Blades
  1447 | D:2      | Got the Almanac of Confrontation and Poison
  1545 | D:2      | Noticed Natasha
  1555 | D:2      | Killed Natasha
  1561 | D:2      | Noticed Robin
  1566 | D:2      | Reached XP level 5. HP: 21/46 MP: 4/4
  1775 | D:2      | Killed Robin
  2874 | D:3      | Reached XP level 6. HP: 50/52 MP: 5/5
  3462 | D:4      | Reached skill level 1 in Dodging
  3638 | D:4      | Found a staircase to the Ecumenical Temple.
  3656 | Temple   | Entered the Ecumenical Temple
  3679 | Temple   | Became a worshipper of Warmaster Okawaru
  3780 | D:4      | Reached skill level 1 in Invocations
  3780 | D:4      | Reached XP level 7. HP: 9/60 MP: 6/6
  4043 | D:4      | Reached skill level 5 in Fighting
  4223 | D:5      | Entered Level 5 of the Dungeon
  4441 | D:5      | Reached * piety under Okawaru
  4754 | D:5      | Noticed Edmund
  4755 | D:5      | Found a faded altar of an unknown god.
  4772 | D:5      | Killed Edmund
  4773 | D:5      | Reached skill level 5 in Armour
  4773 | D:5      | Reached XP level 8. HP: 47/70 MP: 9/9
  4940 | D:5      | Found a hazy altar of Hepliaklqana.
  5003 | D:5      | Reached ** piety under Okawaru
  6257 | D:6      | Found Plog's CLEARANCE SALE!.
  6272 | D:6      | Bought a scroll of identify for 10 gold pieces
  6320 | D:6      | Reached *** piety under Okawaru
  6703 | D:6      | Reached XP level 9. HP: 83/83 MP: 10/10
  7058 | D:6      | Noticed Sigmund
  7067 | D:6      | Killed Sigmund
  7067 | D:6      | Reached **** piety under Okawaru
  7121 | D:6      | Found a radiant altar of Vehumet.
  7304 | D:6      | Found a stormy altar of Qazlal.
  7320 | D:7      | Reached skill level 10 in Fighting
  7320 | D:7      | Reached skill level 10 in Long Blades
  7837 | D:7      | Reached skill level 5 in Dodging
  8193 | D:7      | Found a burning altar of Makhleb.
  8297 | D:7      | Found Ruqad's Book Shop.
  8581 | D:8      | Noticed Joseph
  8589 | D:8      | Killed Joseph
  8796 | D:8      | Found a glowing golden altar of the Shining One.
  8895 | D:8      | Reached ***** piety under Okawaru
  8896 | D:8      | Reached XP level 10. HP: 92/93 MP: 11/11
  9116 | D:8      | Found a staircase to the Lair.
  9548 | D:8      | Found a basalt altar of Yredelemnul.
 10375 | D:9      | Identified the +0 robe of Prudence {rF- Stlth+ Archmagi}
 10667 | D:9      | Received a gift from Okawaru
 11020 | D:9      | Noticed a two-headed ogre
 11028 | D:9      | Killed a two-headed ogre
 11395 | D:9      | Found a staircase to the Orcish Mines.
 11831 | Lair:1   | Entered Level 1 of the Lair of Beasts
 11864 | Lair:1   | Reached XP level 11. HP: 95/103 MP: 13/13
 12395 | Lair:1   | Reached skill level 10 in Armour
 12404 | Lair:1   | Received a gift from Okawaru
 13193 | Lair:1   | Reached ****** piety under Okawaru
 13763 | Lair:2   | Found a staircase to the Snake Pit.
 13797 | Lair:2   | HP: 1/107 [blink frog (9)]
 14167 | Lair:2   | Reached XP level 12. HP: 111/116 MP: 14/14
 14289 | Lair:2   | Identified a scroll of acquirement
 14289 | Lair:2   | Acquired the +8 demon blade of Tikogeh {venom, rC+ Str+3}
 15227 | Lair:3   | Received a gift from Okawaru
 15419 | Lair:3   | Noticed a five-headed hydra
 15436 | Lair:3   | Killed a five-headed hydra
 15770 | Lair:3   | Noticed a seven-headed hydra
 15782 | Lair:3   | Killed a seven-headed hydra
 16630 | Lair:4   | Noticed a five-headed hydra
 16809 | Lair:4   | Received a gift from Okawaru
 16817 | Lair:4   | Reached skill level 15 in Fighting
 16917 | Lair:4   | Noticed an eight-headed hydra
 17353 | Lair:4   | Found a staircase to the Shoals.
 17598 | Lair:4   | Killed an eight-headed hydra
 17599 | Lair:4   | Reached XP level 13. HP: 24/128 MP: 15/15
 18174 | Lair:4   | Identified the +0 pair of boots of Okawaru's Supremacy
                  | {SInv} (Okawaru gifted it to you on level 4 of the Lair of
                  | Beasts)
 18174 | Lair:4   | Received a gift from Okawaru
 18680 | Lair:5   | Reached skill level 5 in Invocations
 18878 | Lair:5   | Found an iron altar of Okawaru.
 19150 | Lair:5   | Reached skill level 1 in Maces & Flails
 19759 | Lair:6   | Entered Level 6 of the Lair of Beasts
 20194 | Lair:6   | Found a hazy altar of Hepliaklqana.
 20253 | Lair:6   | Received a gift from Okawaru
 20291 | Lair:6   | Reached skill level 10 in Dodging
 20934 | Lair:6   | Got the Catalogue of the Frigorific Arsonist
 21112 | Lair:6   | Noticed a dire elephant
 21121 | Lair:6   | Received a gift from Okawaru
 21130 | Lair:6   | Killed a dire elephant
 21136 | Lair:6   | Reached XP level 14. HP: 82/143 MP: 18/18
 21663 | Lair:6   | Found a viscous altar of Jiyva.
 21664 | Lair:6   | Found a staircase to the Slime Pits.
 21956 | D:10     | Entered Level 10 of the Dungeon
 22043 | D:10     | Found an ornate altar of the Wu Jian Council.
 23124 | D:11     | Got the Tome of Dark Rituals and Companions
 23394 | D:11     | Reached skill level 15 in Long Blades
 24419 | D:11     | Received a gift from Okawaru
 24972 | D:11     | Noticed a fire giant
 24979 | D:11     | Killed a fire giant
 24980 | D:11     | Identified the +7 rapier of the Chopping Shark {venom,
                  | Str+9 Int-5 Dex+3}
 25118 | D:11     | Reached skill level 5 in Shields
 25594 | D:12     | Received a gift from Okawaru
 26056 | D:13     | Noticed an ironbound preserver
 26057 | D:13     | Found a gate to the Vaults.
 26057 | D:13     | You fall into a shaft and drop 2 floors!
 26057 | D:15     | Entered Level 15 of the Dungeon
 26681 | D:13     | Reached XP level 15. HP: 143/155 MP: 19/19
 27450 | D:13     | Noticed Nessos
 27461 | D:13     | Killed Nessos
 27754 | D:13     | Noticed Jorgrun
 27770 | D:13     | Killed Jorgrun
 28018 | D:13     | Received a gift from Okawaru
 28292 | D:14     | Identified the +3 long sword of Malaise {speed, +Blink MP+9
                  | Str-3 Dex-2}
 28469 | D:14     | HP: 4/156 [orc knight (13)]
 29506 | D:15     | Found a hide-covered altar of Uskayaw.
 29521 | D:15     | Reached skill level 15 in Armour
 29931 | D:15     | Paralysed by a great orb of eyes for 3 turns
 29938 | D:15     | Received a gift from Okawaru
 30122 | D:15     | Found a staircase to the Depths.
 30635 | Orc:1    | Entered Level 1 of the Orcish Mines
 30636 | Orc:1    | Upgraded the game from 0.28-a0-1117-g0bdd5ba030 to
                  | 0.28-a0-1130-gc51a68064b
 30869 | Orc:1    | Found a flagged portal.
 30881 | Bailey   | Entered a bailey
 31164 | Bailey   | Reached XP level 16. HP: 167/167 MP: 21/21
 31258 | Bailey   | Identified the +12 falchion of Insufficient Pleasure
                  | {flame, rC+ Dex+3}
 31296 | Orc:1    | Acquired a manual of Shields
 31299 | Orc:1    | Acquired the +0 pair of gloves "Xuviss" {Will+}
 31827 | Orc:2    | Entered Level 2 of the Orcish Mines
 32120 | Orc:2    | Reached skill level 10 in Shields
 32369 | Orc:2    | Found Miyk's Antique Weapon Emporium.
 32393 | Orc:2    | Found a staircase to the Elven Halls.
 33870 | Orc:2    | Found Xoch's Antique Armour Shop.
 33873 | Orc:2    | Found Zikiney Xupu's Distillery.
 33874 | Orc:2    | Found Zitug's Jewellery Shop.
 33875 | Orc:2    | Found Viunuck's Antique Weapon Boutique.
 33879 | Orc:2    | Bought a potion of heal wounds for 65 gold pieces
 33882 | Orc:2    | Bought an ichor-stained plate armour for 728 gold pieces
 33882 | Orc:2    | Identified the +1 plate armour of Lethargy {Str+3} (You
                  | bought it in a shop on level 2 of the Orcish Mines)
 33882 | Orc:2    | Bought a jewelled cloak for 247 gold pieces
 33882 | Orc:2    | Identified the +0 cloak of Unnal {Int+2 Dex+5} (You bought
                  | it in a shop on level 2 of the Orcish Mines)
 33888 | Orc:2    | Bought the ring "Naloushe" {rC++ Str+2 Dex+6 Stlth+} for
                  | 1260 gold pieces
 34076 | Snake:1  | Entered Level 1 of the Snake Pit
 34232 | Snake:1  | Identified the +5 great mace of Blood-Lust {holy, Will+
                  | Int+4 Dex-3 Stlth+} (Okawaru gifted it to you on level 1 of
                  | the Snake Pit)
 34232 | Snake:1  | Received a gift from Okawaru
 34762 | Snake:1  | Reached XP level 17. HP: 166/177 MP: 22/22
 35346 | Snake:2  | Found Roang's Assorted Antiques.
 35358 | Snake:2  | Found Manwo's General Store.
 35840 | Snake:2  | Identified the +5 eveningstar "Miniareyst" {flame, *Corrode
                  | rC+ Str+8 SInv} (Okawaru gifted it to you on level 2 of the
                  | Snake Pit)
 35840 | Snake:2  | Received a gift from Okawaru
 36516 | Snake:2  | Found a shimmering altar of Xom.
 37598 | Snake:2  | Identified the +3 spear of Instant Death {protect, Str+3}
                  | (Okawaru gifted it to you on level 2 of the Snake Pit)
 37598 | Snake:2  | Received a gift from Okawaru
 37684 | Snake:3  | HP: 8/178 [shock serpent/bolt of electricity (19)]
 37684 | Snake:3  | HP: 3/178 [shock serpent/bolt of electricity (5)]
 37685 | Snake:3  | HP: 1/178 [something (4)]
 38702 | Snake:3  | Reached skill level 15 in Shields
 39376 | Snake:4  | Entered Level 4 of the Snake Pit
 39591 | Snake:4  | Reached skill level 10 in Invocations
 39812 | Snake:4  | Identified the +7 scimitar "Pite" {flame, rF- rC++ Str+4
                  | Dex+3} (Okawaru gifted it to you on level 4 of the Snake
                  | Pit)
 39812 | Snake:4  | Received a gift from Okawaru
 39947 | Snake:4  | Noticed Asterion
 39948 | Snake:4  | Noticed Bai Suzhen
 40291 | Snake:3  | Killed Bai Suzhen
 40495 | Snake:3  | Killed Asterion
 40682 | Snake:4  | Found Ripyerry's Antique Armour Shop.
 41034 | Snake:4  | Identified the +4 long sword of Evil {vorpal, Str+7 Int+6
                  | Dex-2} (Okawaru gifted it to you on level 4 of the Snake
                  | Pit)
 41034 | Snake:4  | Received a gift from Okawaru
 42093 | Snake:4  | Noticed Vashnia
 42108 | Snake:4  | Killed Vashnia
 42108 | Snake:4  | Identified the +7 scimitar "Mudedat" {vamp, +Blink Str+3}
                  | (Okawaru gifted it to you on level 4 of the Snake Pit)
 42108 | Snake:4  | Received a gift from Okawaru
 42109 | Snake:4  | Reached XP level 18. HP: 111/189 MP: 19/24
 43053 | Snake:4  | Received a gift from Okawaru
 43115 | Snake:4  | Got a serpentine rune of Zot
 43393 | Shoals:1 | Entered Level 1 of the Shoals
 45982 | Shoals:2 | Identified the +4 ring mail "Neimet" {-Tele rCorr Dex+4}
 46162 | Shoals:3 | Received a gift from Okawaru
 46301 | Shoals:3 | Identified Roxanne's Papyrus of Earth
 46301 | Shoals:3 | Noticed Roxanne
 46984 | Shoals:3 | Noticed Kirke
 47010 | Shoals:3 | Killed Kirke
 47038 | Shoals:3 | Killed Roxanne
 47350 | Shoals:4 | Entered Level 4 of the Shoals
 47518 | Shoals:4 | Paralysed by an air elemental for 1 turns
 47522 | Shoals:4 | Paralysed by an air elemental for 1 turns
 47552 | Shoals:4 | Noticed Polyphemus
 47569 | Shoals:4 | Killed Polyphemus
 47816 | Shoals:4 | Paralysed by an air elemental for 1 turns
 47877 | Shoals:4 | Paralysed by an air elemental for 1 turns
 47913 | Shoals:4 | Acquired the ring "Palum" {rC+ rN+ EV+4 Str+4}
 48168 | Shoals:4 | Paralysed by an air elemental for 1 turns
 48679 | Shoals:4 | Paralysed by an air elemental for 1 turns
 48682 | Shoals:4 | Paralysed by an air elemental for 1 turns
 48839 | Shoals:4 | Paralysed by an air elemental for 1 turns
 48846 | Shoals:4 | Received a gift from Okawaru
 48997 | Shoals:4 | Reached XP level 19. HP: 201/201 MP: 25/25
 49002 | Shoals:4 | Paralysed by an air elemental for 1 turns
 49368 | Shoals:4 | Got a barnacled rune of Zot
 49703 | Vaults:1 | Entered Level 1 of the Vaults
 49745 | Vaults:1 | Found a runed translucent gate.
 49745 | Vaults:1 | Found a runed translucent gate.
 49745 | Vaults:1 | Found a runed translucent gate.
 49747 | Vaults:1 | Noticed Hubris850's ghost (adept MiFi)
 50232 | Vaults:1 | Found an iron altar of Okawaru.
 50893 | Vaults:1 | Identified the +10 mace "Raughy" {pain, rElec rF- rC+
                  | Dex+4} (Okawaru gifted it to you on level 1 of the Vaults)
 50893 | Vaults:1 | Received a gift from Okawaru
 51726 | Vaults:1 | Identified the +3 crystal plate armour of the Sunfish
                  | {Int+7} (Okawaru gifted it to you on level 1 of the Vaults)
 51726 | Vaults:1 | Received a gift from Okawaru
 52014 | Vaults:1 | Killed Hubris850's ghost
 52047 | Vaults:1 | Identified the +0 ring mail "Gosy" {Harm Int+2}
 52048 | Vaults:1 | Identified the +3 scimitar of Axougia {venom, Int+2 SInv}
 53154 | Vaults:2 | Reached XP level 20. HP: 213/213 MP: 26/26
 53217 | Vaults:2 | Reached skill level 15 in Dodging
 53437 | Vaults:2 | Received a gift from Okawaru
 53905 | Vaults:3 | Found a crumbling gateway.
 53926 | Desolati | Entered the Desolation of Salt
 54506 | Desolati | Identified the amulet of Oboantar {Reflect Harm MP+9 Int+4
                  | SH+5}
 54509 | Desolati | Got the Papyrus of Glacial Unholy Rituals
 54511 | Desolati | Got the Handbook of Enchantment and Stones
 54512 | Desolati | Identified the +4 short sword of a Gauntlet {speed, *Slow
                  | Dex+3 SInv}
 54513 | Desolati | Identified the +8 war axe of the Ancients {protect, rN++
                  | Stlth+}
 54514 | Desolati | Identified the ring of Midnight {rF+ rN+ Dex+4}
 54837 | Desolati | Reached skill level 27 in Fighting
 54981 | Desolati | Identified the ring "Goschatao" {rC- Will+ Str+3 Dex+7}
 54986 | Desolati | Identified the ring of Astookoe {rElec rF- MP+9 Dex+8}
 54988 | Desolati | Identified the ring "Lazaenen" {rElec rN++ AC+4 Int-2
                  | Dex+4}
 54991 | Desolati | Identified the amulet "Useem" {Spirit Str+4}
 55261 | Desolati | Received a gift from Okawaru
 55291 | Desolati | Got the Volume of Flight
 55340 | Desolati | Identified the +0 robe of Fun Siot {Str+4}
 56297 | Vaults:3 | Received a gift from Okawaru
 56673 | Vaults:3 | Found a staircase to the Crypt.
 57309 | Vaults:4 | Received a gift from Okawaru
 57890 | Vaults:4 | Reached XP level 21. HP: 208/224 MP: 27/27
 58051 | Vaults:4 | Found a transporter.
 58063 | Vaults:4 | Found a transporter.
 58539 | Vaults:5 | Entered Level 5 of the Vaults
 58660 | Vaults:5 | Noticed a dread lich
 58672 | Vaults:4 | Received a gift from Okawaru
 58991 | Vaults:4 | Killed a dread lich
 59490 | Depths:1 | Entered Level 1 of the Depths
 59493 | Depths:1 | Found a flickering gateway to a bazaar.
 59522 | Bazaar   | Entered a bazaar
 59539 | Bazaar   | Found Sauje's Magic Scroll Emporium.
 59547 | Bazaar   | Bought a scroll of enchant armour for 90 gold pieces
 59559 | Bazaar   | Found Puesk's Distillery.
 59564 | Bazaar   | Bought a potion of heal wounds for 60 gold pieces
 59591 | Bazaar   | Found Runad's Distillery.
 59602 | Bazaar   | Found Uvaw's Magic Scroll Emporium.
 59610 | Bazaar   | Bought a scroll of blinking for 135 gold pieces
 59876 | D:15     | Received a gift from Okawaru
 60200 | Depths:1 | Found a glowing golden altar of the Shining One.
 60411 | Depths:1 | Identified the +1 ring mail of Compassion {Str-4 Dex+6}
 60418 | Depths:1 | Found a gateway to Hell.
 60585 | Depths:1 | You are sucked into a shaft and drop 1 floor!
 60602 | Depths:2 | Got the Collected Works on Doomed Air
 60645 | Depths:2 | Found Villiox's Distillery.
 60689 | Depths:2 | Noticed the Enchantress
 60707 | Depths:2 | Killed the Enchantress
 61654 | Depths:2 | Found a corrupted altar of Lugonu.
 61716 | Depths:2 | Found a transporter.
 61718 | Depths:2 | Found a transporter.
 61820 | Depths:2 | Found a one-way gate to the infinite horrors of the Abyss.
 62111 | Depths:2 | Received a gift from Okawaru
 62157 | Depths:2 | Found a one-way gate leading to the halls of Pandemonium.
 62555 | Depths:3 | Found a corrupted altar of Lugonu.
 62576 | Depths:3 | Identified the +7 hand axe of Ihem {flame, rPois rN+ Dex-2}
 62775 | Depths:3 | Got Secret Knowledge, Part Three
 62892 | Depths:3 | Found a glowing silver altar of Zin.
 63096 | Depths:3 | Reached XP level 22. HP: 108/233 MP: 28/28
 63485 | Depths:3 | Identified the +1 tower shield of Fortification {rC+ Int+6}
                  | (Okawaru gifted it to you on level 3 of the Depths)
 63485 | Depths:3 | Received a gift from Okawaru
 63588 | Depths:3 | Identified the ring of Qaesm {Int+6 Dex+3 Slay+2 Stlth+}
 63762 | Depths:4 | Entered Level 4 of the Depths
 63771 | Depths:4 | Gained mutation: You are dopey. (Int -2) [a shining eye]
 63778 | Depths:4 | Found an ancient bone altar of Kikubaaqudgha.
 64484 | Depths:4 | Found a gateway to a ziggurat.
 64955 | Depths:4 | Noticed a golden dragon
 64963 | Depths:4 | Killed a golden dragon
 65177 | Depths:4 | Noticed a golden dragon
 65190 | Depths:4 | Killed a golden dragon
 65217 | Depths:4 | Found a gate to the Realm of Zot.
 65729 | Depths:4 | Found Odudaury's Antique Weapon Boutique.
 65734 | Depths:4 | Found Nuiqigg's Antique Armour Boutique.
 65748 | Depths:4 | Received a gift from Okawaru
 65820 | Depths:4 | Bought a transparent cloak for 361 gold pieces
 65820 | Depths:4 | Identified the +1 cloak "Ugygucs" {Str+2 Dex+2 Slay+2
                  | Stlth+} (You bought it in a shop on level 4 of the Depths)
 67484 | Vaults:5 | Received a gift from Okawaru
 68113 | Vaults:4 | Reached XP level 23. HP: 228/240 MP: 30/30
 68246 | Vaults:5 | Identified the +2 whip of the Fulmar {flame, *Corrode rN+
                  | Str+4 Dex+2}
 69286 | Vaults:5 | Identified the +7 rapier of the Beast {spect, *Rage +Blink
                  | rPois Dex+8}
 69921 | Vaults:5 | Identified the +6 scimitar of Vor Poev {vamp, Str+2}
 70175 | Vaults:5 | Found Gewnie Aceg's Assorted Antiques.
 70187 | Vaults:5 | Got the Almanac of Confrontation
 70191 | Vaults:5 | Identified the +2 pair of gloves "Hongiurr" {-Tele rPois
                  | rC+++ rCorr}
 70369 | Vaults:5 | Found the +3 giant club "Skullcrusher" {speed, Str+7}
 70478 | Vaults:5 | Got a silver rune of Zot
 70576 | Vaults:5 | Received a gift from Okawaru
 71245 | Vaults:5 | Reached XP level 24. HP: 249/249 MP: 30/30
 71576 | Elf:1    | Entered Level 1 of the Elven Halls
 71899 | Elf:1    | Got the Grimoire of Attacks
 72014 | Elf:1    | Found Yfa Oqot's Distillery.
 72023 | Elf:1    | Bought 2 potions of heal wounds for 190 gold pieces
 72156 | Elf:1    | Received a gift from Okawaru
 72540 | Elf:1    | Received a gift from Okawaru
 73135 | Elf:2    | Found a huge runed translucent gate.
 73135 | Elf:2    | Found a huge runed translucent gate.
 73140 | Elf:2    | Found a huge runed translucent gate.
 73141 | Elf:2    | Found a huge runed translucent gate.
 73142 | Elf:2    | Found a huge runed translucent gate.
 73851 | Elf:3    | Entered Level 3 of the Elven Halls
 73880 | Elf:3    | Noticed Mara
 73906 | Elf:3    | Killed Mara
 74663 | Elf:3    | Reached XP level 25. HP: 239/257 MP: 13/30
 74881 | Elf:3    | Received a gift from Okawaru
 75088 | Elf:3    | Identified the +3 leather armour "Yhosk" {Str+2 Int+6}
 75109 | Elf:3    | Identified the +0 robe of Weirdness {-Tele Regen+ rCorr
                  | SInv}
 75176 | Elf:3    | Found the brooch of Shielding {Spirit SH+8}
 75185 | Elf:3    | Identified the -4 pair of boots of Demons {Harm}
 75192 | Elf:3    | Found the +12 glaive of Prune {vorpal}
 75216 | Elf:3    | Identified the +0 barding "Febyowap" {Drain +Inv Str+5
                  | Slay+2}
 75231 | Elf:3    | Identified the +4 rapier of Dissolution {venom, rPois Int-3
                  | Dex+10 Stlth-}
 75249 | Elf:3    | Identified the +10 longbow of Ru's Righteous Fury {freeze,
                  | Fragile Dex+8 Stlth-}
 75708 | Zot:1    | Entered Level 1 of the Realm of Zot
 76140 | Zot:1    | Reached skill level 1 in Spellcasting
 77191 | Zot:1    | Identified the +2 cloak "Byst" {Slay+4}
 79231 | Zot:1    | Found a runed translucent gate.
 79231 | Zot:1    | Found a runed translucent gate.
 79231 | Zot:1    | Found a runed translucent gate.
 79406 | Zot:1    | Found an opulent altar of Gozag.
 79711 | Zot:1    | Noticed Akugygoc's ghost (legendary MiFi)
 79791 | Zot:1    | Killed Akugygoc's ghost
 80233 | Zot:2    | Noticed Jofris Vesimp's ghost (legendary GnFE)
 80385 | Zot:2    | Identified the +1 pair of boots of Okawaru's Displeasure
                  | {rPois Str+3} (Okawaru gifted it to you on level 2 of the
                  | Realm of Zot)
 80385 | Zot:2    | Received a gift from Okawaru
 80466 | Zot:2    | You fall into a shaft and drop 2 floors!
 80600 | Zot:2    | Found a runed translucent door.
 82808 | Zot:2    | Identified the +10 dagger "Ycunurgh" {freeze, rElec rF+
                  | Dex+3 Stlth+}
 82832 | Zot:2    | Got the Guide on Mutagenic Ice
 82911 | Zot:2    | Found the +8 demon trident "Rift" {distort, reach+}
 83340 | Zot:2    | Killed Jofris Vesimp's ghost
 83706 | Zot:3    | Reached XP level 26. HP: 259/266 MP: 30/31
 84171 | Zot:3    | Found a runed translucent gate.
 84171 | Zot:3    | Found a runed translucent gate.
 84171 | Zot:3    | Found a runed translucent gate.
 84178 | Zot:3    | HP: 13/266 [poisoned by a green draconian (poison gas)]
 85309 | Zot:3    | Noticed Foism's ghost (legendary DjEE)
 87996 | Zot:5    | Entered Level 5 of the Realm of Zot
 88061 | Zot:5    | Reached skill level 27 in Armour
 88613 | Zot:5    | Reached skill level 1 in Short Blades
 88914 | Zot:5    | Identified the +1 scimitar "Vamerikh" {flame, rF++}
                  | (Okawaru gifted it to you on level 5 of the Realm of Zot)
 88914 | Zot:5    | Received a gift from Okawaru
 90113 | Depths:2 | Paralysed by accursed screaming for 2 turns
 90126 | Depths:2 | Paralysed by accursed screaming for 2 turns
 90137 | Depths:2 | Reached skill level 5 in Spellcasting
 90173 | Depths:2 | Identified the ring "Ongi Bicsify" {rPois Will+}
 90194 | Depths:2 | Acquired 757 gold pieces
 90293 | Depths:1 | Fell from the grace of Okawaru
 90293 | Depths:1 | Became a worshipper of the Shining One
 90548 | Crypt:1  | Entered Level 1 of the Crypt
 90566 | Crypt:1  | Reached skill level 5 in Short Blades
 90566 | Crypt:1  | Reached * piety under the Shining One
 90778 | Crypt:1  | Reached ** piety under the Shining One
 91344 | Crypt:1  | Reached *** piety under the Shining One
 91505 | Crypt:1  | Reached **** piety under the Shining One
 91642 | Crypt:1  | Reached ***** piety under the Shining One
 92141 | Crypt:2  | Reached ****** piety under the Shining One
 92626 | Crypt:3  | Entered Level 3 of the Crypt
 92655 | Crypt:3  | Reached XP level 27. HP: 273/273 MP: 31/31
 93528 | Crypt:3  | Found a staircase to the Tomb.
 94127 | Crypt:3  | Reached skill level 10 in Short Blades
 94434 | Crypt:3  | Noticed a royal mummy
 94440 | Crypt:3  | Killed a royal mummy
 94881 | Crypt:3  | Identified the +4 halberd of Saltpetre {vorpal, rElec rF-
                  | rC+++ Int+3}
 94931 | Crypt:3  | Got the Incunabulum of Unholy Arts
 95199 | Crypt:3  | Identified the +6 lajatang of Income {elec, rN+ Dex+4 SInv
                  | Stlth-}
 95214 | Crypt:3  | Identified the +0 ring mail "Serchurghy" {rC- Dex+4}
 95464 | Crypt:3  | Identified the amulet "Rem Soat" {rC+ Regen+}
 95464 | Crypt:3  | Identified the ring of Xelepoup {rC+ rN+ Str-2 Int+6 Dex+3}
 95469 | Crypt:3  | Identified the +10 flail of the Wolf {freeze, rPois Str+2
                  | Dex+2}
 95852 | Hell     | Entered the Vestibule of Hell
 95852 | Hell     | Noticed Geryon
 96902 | Hell     | Killed Geryon
 96927 | Depths:1 | Reached skill level 15 in Invocations
 97087 | Hell     | Found a gateway to the Iron City of Dis.
 97437 | Hell     | Found a gateway to the ashen valley of Gehenna.
 97480 | Hell     | Was forgiven by Okawaru
 97516 | Hell     | Found a gateway to the decaying netherworld of Tartarus.
 97703 | Hell     | Found a gateway to the freezing wastes of Cocytus.
 98635 | Slime:1  | Entered Level 1 of the Pits of Slime
 98702 | Slime:1  | Gained mutation: Armour fits poorly on your strangely
                  | shaped body. [a shining eye]
 99061 | Slime:5  | Entered Level 5 of the Pits of Slime
 99112 | Slime:5  | Found a viscous altar of Jiyva.
 99123 | Slime:5  | Noticed the Royal Jelly
 99150 | Slime:5  | Killed the Royal Jelly
 99162 | Slime:5  | Reached skill level 15 in Short Blades
 99527 | Slime:5  | Identified the ring of Moodiness {rElec EV+4 Int+4}
 99530 | Slime:5  | Got a slimy rune of Zot
 99618 | Slime:5  | Identified the +3 scythe "Runkaib" {drain, *Noise rElec
                  | rPois}
 99646 | Slime:5  | Identified the +5 short sword of Big Damage {flame, Fragile
                  | MP+9 Str+2 Dex+2}
100334 | Zot:5    | Noticed a dread lich
100342 | Zot:5    | Killed a dread lich
100442 | Zot:5    | Noticed an orb of fire
100443 | Zot:5    | Gained mutation: Your body sometimes deteriorates upon
                  | taking damage. [an orb of fire]
100447 | Zot:5    | Noticed an ancient lich
100452 | Zot:5    | Killed an orb of fire
100452 | Zot:5    | Noticed an ancient lich
100455 | Zot:5    | Noticed a dread lich
100456 | Zot:5    | Killed an ancient lich
100462 | Zot:5    | Noticed an ancient lich
100462 | Zot:5    | Killed an ancient lich
100464 | Zot:5    | Noticed an ancient lich
100465 | Zot:5    | Killed a dread lich
100476 | Zot:5    | Killed an ancient lich
100484 | Zot:5    | Killed an ancient lich
101033 | Zot:5    | Lost mutation: Armour fits poorly on your strangely shaped
                  | body. [potion of mutation]
101033 | Zot:5    | Lost mutation: Your body sometimes deteriorates upon taking
                  | damage. [potion of mutation]
101033 | Zot:5    | Lost mutation: You are dopey. (Int -2) [potion of mutation]
101033 | Zot:5    | Gained mutation: Your mind is acute. (Int +2) [potion of
                  | mutation]
101033 | Zot:5    | Gained mutation: You sometimes lose the ability to read
                  | scrolls when taking damage. [potion of mutation]
101033 | Zot:5    | Gained mutation: Your muscles are strong. (Str +2) [potion
                  | of mutation]
101034 | Zot:5    | Lost mutation: Your mind is acute. (Int +2) [potion of
                  | mutation]
101034 | Zot:5    | Lost mutation: Your muscles are strong. (Str +2) [potion of
                  | mutation]
101034 | Zot:5    | Gained mutation: Your movements are slightly less
                  | encumbered by armour. (ER -2) [potion of mutation]
101034 | Zot:5    | Gained mutation: You are weak. (Str -2) [potion of
                  | mutation]
101035 | Zot:5    | Lost mutation: Your movements are slightly less encumbered
                  | by armour. (ER -2) [potion of mutation]
101035 | Zot:5    | Lost mutation: You are weak. (Str -2) [potion of mutation]
101035 | Zot:5    | Gained mutation: You are frail. (-10% HP) [potion of
                  | mutation]
101036 | Zot:5    | Lost mutation: You sometimes lose the ability to read
                  | scrolls when taking damage. [potion of mutation]
101036 | Zot:5    | Lost mutation: You are frail. (-10% HP) [potion of
                  | mutation]
101036 | Zot:5    | Gained mutation: Your flesh is cold resistant. (rC+)
                  | [potion of mutation]
101036 | Zot:5    | Gained mutation: You are frail. (-10% HP) [potion of
                  | mutation]
101066 | Zot:5    | Got the Orb of Zot
101112 | Zot:5    | Noticed Wisyor the pandemonium lord
101663 | D:5      | Noticed Moeblon the pandemonium lord
101676 | D:5      | Killed Moeblon the pandemonium lord
101766 | D:$      | Escaped with the Orb!

Illustrated notes

Levels and vault maps discovered:
D:1:      nicolae_arrival_somewhat_less_tricky_arrival, layout_rooms,
          basic_ecumenical_altar
D:2:      minmay_roachtagon, layout_basic, uniq_natasha, uniq_robin
D:3:      layout_rooms
D:4:      cheibrodos_pilgrimage, layout_gridville,
          minmay_temple_entry_purple_smoke, amcnicky_mini_pool_small
D:5:      layout_loops_ring, beargit_hepliaklqana_dungeon_heroes,
          grunt_ministairs_13, kennysheep_dice
D:6:      layout_loops_corners, lemuel_crystal_altar, lemuel_tele_altar,
          serial_bayou_pond_d, nicolae_shop_clearance, uniq_sigmund
D:7:      layout_basic, nicolae_overflow_crystal_walls, serial_shops,
          kennysheep_mini_moat
D:8:      layout_gridville, mainiacjoe_overflow_tiny_flanked,
          lemuel_mausoleum_altar_yredelemnul, david_lair_shrubbed, uniq_joseph
D:9:      layout_cave_pods, zombieorc1_lemuel
D:10:     layout_basic, overflow_temple_1_default, centaur_isle
D:11:     nzn_winding_woodlands_huge [nzn_winding_woodlands_5x15_split_checker,
          nzn_winding_woodlands_5x15_sidewinder,
          nzn_winding_woodlands_5x15_concentric,
          nzn_winding_woodlands_5x15_twine, nzn_winding_woodlands_5x15_garden,
          nzn_winding_woodlands_5x15_eye, nzn_winding_woodlands_5x15_sawtooth,
          nzn_winding_woodlands_5x15_parted,
          nzn_winding_woodlands_5x15_lazy_stream,
          nzn_winding_woodlands_5x15_pool,
          nzn_winding_woodlands_center_triple_pond,
          nzn_winding_woodlands_center_diamonds,
          nzn_winding_woodlands_15x15_killbox], layout_loops_corners
D:12:     layout_basic, small_statue_intersection, drop_trap,
          kennysheep_cluttered_room
D:13:     layout_loops_cross, skrybe_vaults_entry_preservation, drop_trap,
          uniq_jorgrun, uniq_nessos
D:14:     layout_grid_maze, minmay_misc_feat_more_columns
D:15:     gammafunk_enter_depths_forms, layout_long_grid,
          nicolae_lava_and_water, hangedman_decor_opposing, skrybe_limestone_x,
          dancing_weapons_uskayaw
Temple:   eino_wide_crystal_templ
Lair:1:   layout_small_grid, special_room [special_room_bee],
          beast_lair_carwin_2, grunt_megastairs_4
Lair:2:   wander_river, layout_cellular_growth, guppyfry_snake_entry_garden,
          serial_forest, infiniplex_forest_join, infiniplex_forest_lined_room_2,
          infiniplex_forest_lined_room_2, infiniplex_forest_clump_small,
          infiniplex_forest_end_2, infiniplex_forest_clump_curved,
          infiniplex_forest_end_2, infiniplex_forest_clump_medium,
          infiniplex_forest_straight_5
Lair:3:   layout_cave_pods, grunt_megastairs_3, serial_bayou_shore_b
Lair:4:   layout_cave_shapes, shoals_dummy_entry, infiniplex_staircase_pool
Lair:5:   layout_regular_city, basic_altar, wad_woods_road_02,
          chequers_serial_rivers_small_a, grunt_megastairs_5
Lair:6:   grunt_lair_end_beastmaster, layout_gridlike, slime_altar_1,
          basic_altar, infiniplex_staircase_pool_2
Shoals:1: layout_shoals, st_cyclops
Shoals:2: layout_shoals
Shoals:3: layout_shoals, uniq_kirke, uniq_roxanne
Shoals:4: shoals_end_hellmonk_storm_palace [storm_palace_center_circular,
          storm_palace_corner_grid, storm_palace_corner_reverse_hut,
          storm_palace_corner_reverse_hut, storm_palace_corner_grid],
          serial_shops, uniq_polyphemus
Snake:1:  layout_layer_cave
Snake:2:  minmay_snake_river, layout_cave_town, basic_altar, minmay_shoptagon
Snake:3:  nicolae_snake_nest, layout_layer_cave, serial_bayou_shore_b
Snake:4:  johnstein_snake_rune_scales, layout_cave_shapes, serial_shops,
          nicolae_shop_waterfront, grunt_ministairs_8,
          nicolae_snake_gridmaze_tees, uniq_bai_suzhen, uniq_asterion
Slime:1:  layout_caves
Slime:2:  layout_caves
Slime:3:  layout_caves
Slime:4:  layout_caves
Slime:5
Orc:1:    layout_caves, enter_bailey_6
Orc:2:    st_orc_pillars, layout_caves, serial_shops, shop, abandoned_shop
Elf:1:    minmay_elf_arrival_summoners, layout_onion_city, serial_shops,
          nicolae_lakefront_shop, minmay_elf_annihilation,
          minmay_strange_pillars, nicolae_elf_glass_and_crystal_pillar_2
Elf:2:    elven_hall_of_blades_hangedman_alternative [mumra_blade_entry_dagger],
          layout_rooms
Elf:3:    minmay_elf_hall_dome, layout_geoelf_octagon, uniq_mara
Vaults:1: gammafunk_ghost_fury_of_okawaru, hangedman_vaults_snaps,
          grunt_vaults_hallway_long, vaults_dpeg_ring, v_pattern_5, v_misc_29,
          v_alt_pattern_3, hangedman_vaults_cutoff, grunt_vaults_funnel,
          ontoclasm_vaults_eye, vaults_dpeg_hooks, layout_vaults_omnicross
Vaults:2: v_misc_26, hangedman_vaults_impose, nicolae_vaults_little_squares_2,
          grunt_vaults_hallway_short, v_misc_32, nicolae_vaults_ninety_degrees,
          nicolae_vaults_diagonal_hallway_6, v_misc_27, layout_vaults_big_room
Vaults:3: portal_desolation_entry_salt, nicolae_vaults_little_squares_5,
          v_misc_12, minmay_crypt_entry_simple_box, vaults_mumra_chevron,
          v_alt_pattern_1, v_misc_2, hangedman_vaults_stretched_pinwheel,
          layout_vaults_omnigrid
Vaults:4: nicolae_vaults_ring_of_whatevers, v_misc_10,
          vaults_mumra_minichess_inversion, vaults_mumra_hexcomb,
          vaults_room_corners, v_misc_30, hangedman_vaults_nails,
          grunt_vaults_bifocal, gammafunk_sealed_arena,
          vaults_dpeg_encased_lava, vaults_room_stairs_pillars,
          ontoclasm_vaults_twist, nicolae_vaults_ring_of_whatevers,
          nicolae_vaults_gold_heap, layout_vaults_ring
Vaults:5: serial_shops
Crypt:1:  layout_gridlike
Crypt:2:  layout_misc_corridors
Crypt:3:  due_elkab, layout_chaotic_city, tomb_entry_forgotten_bobbens
Depths:1: layout_gridville, serial_shops, bzr_entry_gold, grunt_mini_vestibule,
          minmay_misc_feat_roman, nicolae_tso_swordbearing_angel,
          roderic_lattice_octagonal_star
Depths:2: gammafunk_corrupted_shrine, layout_gridlike, abyss_entry,
          serial_shops, nicolae_square_shop, hell_entry, pan_entry,
          hangedman_decor_slide_cut, minmay_misc_feat_doors,
          chequers_serial_rivers_micro_e, kennysheep_generic_room_12,
          minmay_staircase_bubble, uniq_enchantress
Depths:3: minmay_the_grid_square_5x5_3x3 [minmay_the_grid_square_5x5_z,
          minmay_the_grid_square_5x5_doubleslash,
          minmay_the_grid_square_5x5_hollow_slash,
          minmay_the_grid_square_5x5_misaligned,
          minmay_the_grid_square_5x5_megaprize_diamond,
          minmay_the_grid_square_5x5_longway, minmay_the_grid_square_5x5_six,
          minmay_the_grid_square_5x5_shrine1, minmay_the_grid_square_5x5_fat_x],
          layout_basic, corexii_corridor_pit, hell_entry,
          abyss_entry_flame_altar, zin_angel
Depths:4: grunt_crosshair, layout_gridlike, enter_ziggurat_b,
          kiku_gazebo_garden_becter, pf_coc_iceberg,
          hangedman_abyss_or_decor_clamps, minmay_shop_star
Hell
Zot:1:    layout_onion, ebering_ghost_gozag, grunt_megastairs_1
Zot:2:    layout_cathedral_of_symmetry, hellmonk_ghost_happy_afterlife,
          st_large_dragon_hoard_2
Zot:3:    layout_misc_corridors, ebering_ghost_rock_garden
Zot:4:    lemuel_draconian_sentries_small, layout_misc_corridors,
          zot_minivault_1
Zot:5:    layout_misc_corridors, hangedman_zot_diagonal_lockstep,
          guppyfry_library_mini

Skill      XL: |  1  2  3  4  5  6  7  8  9 10 11 12 13 14 15 16 17 18 19 20 21 22 23 24 25 26 27 |
---------------+----------------------------------------------------------------------------------+-----
Fighting       | 4 6 9 10 11 13 16 18 20 21 22 23 25 26 27 | 27.0
Shields        | 4 7 9 12 15 17 21 23 25 | 25.0
Armour         | 4 5 8 10 12 14 15 16 19 20 21 23 24 25 27 | 27.0
Long Blades    | 3 4 5 7 8 9 10 12 13 14 15 16 | 16.0
Dodging        | 2 3 4 5 7 8 9 10 11 12 14 16 19 20 24 25 | 25.0
Invocations    | 1 3 4 6 7 8 10 11 12 16 | 16.0
Maces & Flails | 4 |  4.0
Spellcasting   | 4 5 |  5.0
Short Blades   | 8 20 | 20.2

Action                   |  1- 3 |  4- 6 |  7- 9 | 10-12 | 13-15 | 16-18 | 19-21 | 22-24 | 25-27 || total
-------------------------+-------+-------+-------+-------+-------+-------+-------+-------+-------++-------
Melee: Long sword        |    57 |   183 |   207 |       |       |       |       |       |       ||   447
       Headbutt          |     9 |    32 |    48 |   140 |   274 |   484 |   734 |   566 |  1293 ||  3580
       Great sword       |       |       |    57 |   398 |       |       |       |       |       ||   455
       Demon blade       |       |       |       |   185 |   939 |  1359 |  1864 |  1369 |  1463 ||  7179
       Flail             |       |       |       |    27 |    53 |       |       |       |       ||    80
       Scimitar          |       |       |       |       |       |    11 |       |       |       ||    11
       Double sword      |       |       |       |       |       |       |       |       |  1840 ||  1840
Invok: Heroism           |       |       |       |     4 |     8 |       |       |       |       ||    12
       Finesse           |       |       |       |       |     1 |     1 |     2 |       |     3 ||     7
       Cleansing Flame   |       |       |       |       |       |       |       |       |    11 ||    11
       Summon Divine War |       |       |       |       |       |       |       |       |     3 ||     3
       Divine Shield     |       |       |       |       |       |       |       |       |     1 ||     1
Evoke: Wand              |       |       |       |       |       |       |       |       |     6 ||     6
  Use: Scroll            |       |     5 |    10 |     8 |     6 |     4 |       |       |    22 ||    55
       Potion            |       |       |     1 |     2 |     1 |     2 |       |     2 |    17 ||    25
Armor: Scale mail        |    24 |    85 |       |       |       |       |       |       |       ||   109
       Chain mail        |       |     7 |    81 |       |       |       |       |       |       ||    88
       Plate armour      |       |       |    95 |   382 |   521 |   431 |    88 |       |       ||  1517
       Crystal plate arm |       |       |       |       |       |       |   330 |   382 |   285 ||   997
       Gold dragon scale |       |       |       |       |       |       |       |       |   559 ||   559
Dodge: Dodged            |    23 |    75 |    94 |   287 |   407 |   574 |   578 |   422 |  1350 ||  3810
Block: Buckler           |    13 |    49 |    10 |    65 |   242 |   314 |       |       |       ||   693
       Kite shield       |       |       |    50 |       |       |   316 |  1115 |    23 |       ||  1504
       Tower shield      |       |       |       |       |       |       |       |  1099 |  3959 ||  5058

Table legend: (Time is in decaauts)
 A = Elapsed time spent in this place.
 B = Non-inter-level travel time spent in this place.
 C = Inter-level travel time spent in this place.
 D = Time resting spent in this place.
 E = Time spent auto-exploring this place.
 F = Levels seen in this place.
 G = Mean time per level.
                   A        B        C        D        E       F      G
               +--------+--------+--------+--------+--------+-----+--------+
         Total |  98902 |  91257 |   7645 |  26808 |  39872 |  61 | 1621.3 |
       Dungeon |  23192 |  20326 |   2866 |   3823 |  12967 |  15 | 1546.1 |
        Temple |     35 |     24 |     11 |      0 |     13 |   1 |   35.0 |
          Lair |  10530 |   9595 |    935 |   2324 |   5884 |   6 | 1755.0 |
        Shoals |   5824 |   5490 |    334 |   1290 |   2235 |   4 | 1456.0 |
     Snake Pit |   9048 |   8542 |    506 |   2620 |   4005 |   4 | 2262.0 |
    Slime Pits |    948 |    939 |      9 |    416 |      0 |   5 |  189.6 |
  Orcish Mines |   2907 |   2679 |    228 |   1018 |    853 |   2 | 1453.5 |
   Elven Halls |   3596 |   3464 |    132 |    262 |   1838 |   3 | 1198.7 |
        Vaults |  12688 |  11566 |   1122 |   4037 |   4160 |   5 | 2537.6 |
         Crypt |   4610 |   4477 |    133 |   1177 |   2004 |   3 | 1536.7 |
        Depths |  10105 |   9354 |    751 |   4257 |   2614 |   4 | 2526.2 |
          Hell |    864 |    843 |     21 |      0 |    354 |   1 |  864.0 |
           Zot |  12615 |  12024 |    591 |   4981 |   2719 |   5 | 2523.0 |
        Bazaar |     98 |     98 |      0 |      0 |     82 |   1 |   98.0 |
        Bailey |    367 |    367 |      0 |      0 |     23 |   1 |  367.0 |
    Desolation |   1468 |   1468 |      0 |    602 |    119 |   1 | 1468.0 |
               +--------+--------+--------+--------+--------+-----+--------+

Top non-repeatable levels by time:
Vaults:4: 4572 daAuts
Depths:4: 4531 daAuts
   Zot:1: 3425 daAuts
   Zot:2: 3089 daAuts
   Zot:4: 3059 daAuts
 Snake:4: 2673 daAuts
 Snake:2: 2561 daAuts
    D:11: 2556 daAuts
 Snake:3: 2508 daAuts
    D:15: 2508 daAuts
Vaults:1: 2418 daAuts
Depths:1: 2314 daAuts
Vaults:5: 2300 daAuts
    D:13: 2297 daAuts
  Lair:6: 2073 daAuts
